AoeStats
← Ux'DonChauron

Black Forest

510168220Analyzed
3v3 RM · 3d ago on Sep 29, 2026· 63m 55s· 6 players
Game mode
Random Map
Map size
Normal (6 player)
Population
200
Speed
Normal
Resources
Standard
Victory
Conquest
Starting age
Dark Age
Ending age
Imperial Age
RankedLock teamsTeams togetherTeam positionsShared explorationLock speedFull tech treeHidden civsTurbo modeCheats
Victory
Defeat
🇧🇪 Vietnamese · Belgium
1349
+20
🇧🇪 Wei · Belgium
1331
+20
🇧🇪 Burmese · Belgium
1285
+22
🇪🇸 Mapuche · Spain
1573
-26
🇪🇸 Shu · Spain
1409
-20
🇵🇪 Slavs · Peru
1299
-16
Ux'DonChauron
0:50 Loom
11:50 Feudal Age
15:35 Castle Age
13:36 Double-Bit Axe
14:35 Fletching
14:40 Horse Collar
16:14 Bodkin Arrow
20:11 Bow Saw
21:24 Padded Archer Armor
24:34 Ballistics
28:32 Wheelbarrow
28:49 Town Watch
31:39 Gold Mining
33:33 Hand Cart
36:59 Imperial Age
36:39 Leather Archer Armor
37:08 Gold Shaft Mining
36:37 Stone Mining
36:55 Heavy Plow
37:06 Stone Mining
38:47 Chemistry
38:20 Ring Archer Armor
37:24 Elite Bolas Rider
39:33 Conscription
39:19 Malon
39:49 Caravan
41:15 Butalmapu
42:25 Forging
42:27 Elite Kona
45:10 Iron Casting
44:48 Masonry
44:18 Treadmill Crane
47:20 Hoardings
47:46 Blast Furnace
47:56 Elite Skirmisher
49:27 Scale Mail Armor
52:30 Coinage
61:55 Crop Rotation
Ux'Tycho0201
0:49 Loom
11:05 Feudal Age
12:40 Man-at-Arms
13:34 Man-at-Arms
16:38 Double-Bit Axe
21:32 Castle Age
20:20 Fletching
22:22 Crossbowman
23:44 Town Watch
24:23 Horse Collar
24:35 Gold Mining
25:10 Bow Saw
26:41 Bodkin Arrow
29:08 Wheelbarrow
32:31 Imperial Age
32:06 Ballistics
32:30 Pikeman
33:10 Squires
33:13 Scale Mail Armor
33:24 Forging
35:12 Chemistry
35:11 Padded Archer Armor
37:18 Bracer
37:26 Thumb Ring
38:34 Arbalester
46:51 Hand Cart
47:02 Coiled Serpent Array
47:51 Chain Mail Armor
52:02 Halberdier
53:05 Halberdier
57:11 Plate Mail Armor
59:06 Gold Shaft Mining
63:41 Heavy Plow
Izuru Alexandros RÆ
8:11 Loom
11:55 Feudal Age
16:27 Castle Age
15:01 Double-Bit Axe
18:10 Wheelbarrow
19:52 Forging
25:02 Scale Barding Armor
24:56 Gold Mining
27:28 Husbandry
28:11 Chain Barding Armor
29:46 Hand Cart
30:05 Bloodlines
33:05 Iron Casting
33:10 Stone Mining
36:15 Imperial Age
34:32 Bloodlines
35:10 Detinets
36:56 Gold Shaft Mining
37:45 Plate Barding Armor
37:07 Elite Boyar
39:26 Blast Furnace
42:04 Hoardings
42:56 Horse Collar
48:42 Druzhina
48:04 Pikeman
49:35 Bow Saw
49:34 Halberdier
50:16 Squires
50:49 Scale Mail Armor
52:11 Chain Mail Armor
55:15 Plate Mail Armor
61:02 Caravan
draxa
11:35 Feudal Age
18:41 Castle Age
16:39 Horse Collar
16:54 Gold Mining
18:26 Loom
18:54 Fletching
23:26 Fortified Wall
25:35 Wheelbarrow
27:48 Masonry
31:47 Imperial Age
30:24 Ballistics
30:14 Bodkin Arrow
30:54 Heavy Plow
31:32 Gold Shaft Mining
31:50 Scale Barding Armor
32:06 Hand Cart
31:38 Town Watch
31:50 Stone Mining
32:40 Bracer
33:48 Chemistry
33:05 Onager
35:12 Siege Engineers
37:37 Chain Barding Armor
39:08 Plate Barding Armor
39:29 Howdah
39:51 Conscription
40:52 Architecture
42:14 Elite Battle Elephant
43:05 Bloodlines
44:22 Town Patrol
44:39 Forging
47:15 Iron Casting
47:02 Husbandry
52:28 Blast Furnace
53:26 Scale Mail Armor
53:10 Man-at-Arms
53:36 Gambesons
53:57 Long Swordsman
55:17 Chain Mail Armor
54:58 Two-Handed Swordsman
57:16 Plate Mail Armor
56:36 Champion
57:17 Squires
57:06 Arson
The Barbarian_BE
10:50 Feudal Age
9:28 Loom
15:21 Castle Age
13:28 Double-Bit Axe
14:05 Horse Collar
14:39 Fletching
16:26 Stone Mining
19:07 Bodkin Arrow
21:20 Padded Archer Armor
23:20 Wheelbarrow
23:42 Leather Archer Armor
24:34 Bow Saw
25:49 Hand Cart
26:05 Ballistics
26:36 Hand Cart
26:22 Heavy Plow
31:08 Imperial Age
28:52 Treadmill Crane
29:29 Gold Mining
31:48 Scale Mail Armor
31:53 Bracer
32:55 Chemistry
31:59 Elite Rattan Archer
33:00 Town Watch
34:16 Scale Mail Armor
34:48 Ring Archer Armor
36:16 Paper Money
38:08 Two-Man Saw
38:56 Hoardings
51:25 Thumb Ring
50:46 Elite Skirmisher
52:03 Crop Rotation
54:31 Imperial Skirmisher
56:32 Masonry
58:36 Caravan
DR. DERB
11:28 Feudal Age
13:01 Loom
13:03 Double-Bit Axe
15:50 Horse Collar
19:01 Castle Age
17:14 Gold Mining
17:59 Bloodlines
28:37 Heavy Plow
29:35 Bow Saw
33:16 Stone Mining
34:09 Scale Barding Armor
34:15 Forging
33:59 Fishing Lines
35:13 Chain Barding Armor
35:49 Husbandry
35:20 Pikeman
36:50 Iron Casting
36:15 Scale Mail Armor
36:27 Tuntian
39:22 Imperial Age
39:22 Chain Mail Armor
39:23 Squires
40:25 Conscription
41:06 Wheelbarrow
40:16 Town Watch
40:01 Halberdier
41:45 Blast Furnace
42:21 Hand Cart
41:47 Heavy Hei Guang Cavalry
43:10 Fletching
43:56 Bodkin Arrow
46:22 Crop Rotation
46:27 Bracer
49:41 Gillnets
53:40 Caravan
55:55 Thumb Ring
56:16 Parthian Tactics
58:25 Heavy Scorpion
62:38 Ming Guang Armor
63:29 Elite Tiger Cavalry
Connection lost

Rejoining the realm…

Still unreachable

The connection could not be restored.

Session expired

The server has moved on; the page needs a fresh start.